 Dungeon Crawl Stone Soup version 0.16-a0-922-gae79c9c (webtiles) character file.

84 PolkaDot the Caller (level 4, -5/34 HPs)
             Began as a Vampire Summoner on Sept 29, 2014.
             Killed by divine providence
             ... invoked by an orc priest
              (16 damage)
             ... on Level 3 of the Dungeon.
             The game lasted 00:08:57 (2010 turns).

PolkaDot the Caller (Vampire Summoner)              Turns: 2010, Time: 00:08:57

HP  -5/34        AC  3     Str  7      XL: 4   Next: 24%
MP   2/7         EV 12     Int 18      God:
Gold 105         SH  0     Dex 14      Spells:  3 memorised,  1 level left

rFire  . . .     SeeInvis +     e - +0 short sword
rCold  . . .     Clarity  .     a - +0 robe
rNeg   . . .     rCorr    .     (no shield)
rPois  .         rRot     .     (no helmet)
rElec  .         Spirit   .     p - +0 cloak
SustAb .         Warding  .     (no gloves)
rMut   .         Stasis   .     (no boots)
Gourm  .                        (no amulet)
MR     .....                    k - ring of stealth
                                j - ring of wizardry

@: very slightly contaminated, regenerating quickly, not resistant to hostile
enchantments, fairly stealthy
A: fangs 3, see invisible, unbreathing
a: no special abilities


You were on level 3 of the Dungeon.
You were very full.

You visited 1 branch of the dungeon, and saw 3 of its levels.

You collected 105 gold pieces.

Inventory:

Hand weapons
 e - a +0 short sword (weapon)
Armour
 a - a +0 robe (worn)
 p - a +0 cloak (worn)
Magical devices
 q - a wand of slowing (19) {unknown}
Scrolls
 d - a scroll of fog {unknown}
 g - a scroll of magic mapping {unknown}
 h - 2 scrolls of teleportation {unknown}
 n - a scroll of identify {unknown}
Jewellery
 j - a ring of wizardry (left hand)
 k - a ring of stealth (right hand)
 r - an uncursed ring of protection from magic {unknown}
Potions
 c - 2 potions of poison {unknown}
 f - a potion of cancellation {unknown}
 i - a potion of brilliance {unknown}
 l - a potion of curing {unknown}
 o - a potion of agility {unknown}
Books
 b - a book of Callings

   Spells                             Type                      Level
   *Summon Small Mammal               Summoning                    1
   *Call Imp                          Summoning                    2
   *Call Canine Familiar              Summoning                    3
   Summon Guardian Golem              Hexes/Summoning              4
   Summon Lightning Spire             Summoning/Air                4
   Summon Ice Beast                   Ice/Summoning                4


   Skills:
 + Level 2.4 Fighting
 - Level 2.1 Dodging
 - Level 3.0 Stealth
 - Level 2.0 Spellcasting
 * Level 4.9 Summonings


You had one spell level left.
You knew the following spells:

 Your Spells              Type           Power        Failure   Level  Hunger
a - Summon Small Mammal   Summ           ###.         1%          1    #......
d - Call Canine Familiar  Summ           ###.....     4%          3    ####...
s - Call Imp              Summ           ###.....     1%          2    ##.....


Dungeon Overview and Level Annotations

Branches:
Dungeon (3/15)

Altars:
Okawaru


Innate Abilities, Weirdness & Mutations

Your natural rate of healing is unusually fast.
You have razor-sharp teeth.
You have supernaturally acute eyesight.
You can survive without breathing.


Message History

* * * LOW HITPOINT WARNING * * *
x2 Your hound bites the orc.
The orc dies!
Your hound bites the orc but does no damage.
The orc throws a poisoned tomahawk.
The poisoned tomahawk hits your hound.
Your hound is poisoned.
Your hound barely misses the orc.
The orc throws a poisoned tomahawk.
The poisoned tomahawk misses you.
You see here a poisoned tomahawk.
Your hound bites the orc.
The orc dies!
Your hound bites the orc priest.
The orc throws a poisoned tomahawk.
The poisoned tomahawk closely misses you.
Your hound bites the orc priest.
The orc throws a poisoned tomahawk.
The poisoned tomahawk closely misses you.
You see here a poisoned tomahawk.
The orc priest calls down the wrath of Beogh upon you.
Something smites you!
You die...

... .. ..[.. #.#g #...#
#.#.## #...# ####.#...
#...# #......o# #...#
###.##.##o# #...#
#......##.#
######...####.#.##.##o#
........<@.h..o.##o##.###.
...........(o.o..##.##.....
............(....o.(...###.
#.#####...####(#.#)..#.#
#...# #(..(..##.# #..>#
###.##.##.# #...# #.##.##.#
#...# #.##.#... #...####
#........


You could see an orc priest, 3 orcs and a friendly hound.

Vanquished Creatures
  2 adders
  A giant mite (D:3)
  An orc (D:3)
  A ball python (D:1)
  5 bats
  A giant cockroach (D:1)
  4 goblins
  3 hobgoblins
  3 jackals (D:1)
  5 kobolds
  A quokka (D:3)
  A giant newt (D:1)
  6 rats
34 creatures vanquished.

Vanquished Creatures (collateral kills)
  2 adders
  A giant gecko (D:1)
  2 orcs (D:3)
  A bat (D:2)
  2 hobgoblins (D:1)
  A jackal (D:1)
  A giant newt (D:1)
  A kobold (D:1)
  A rat (D:1)
12 creatures vanquished.

Grand Total: 46 creatures vanquished

Notes
Turn   | Place    | Note
--------------------------------------------------------------
     0 | D:1      | PolkaDot, the Vampire Summoner, began the quest for the Orb.
     0 | D:1      | Reached XP level 1. HP: 13/13 MP: 3/3
   220 | D:1      | Reached skill level 1 in Fighting
   334 | D:1      | Reached XP level 2. HP: 21/21 MP: 4/4
   642 | D:1      | Learned a level 2 spell: Call Imp
  1011 | D:1      | Reached XP level 3. HP: 18/27 MP: 0/6
  1370 | D:2      | Found an iron altar of Okawaru.
  1815 | D:3      | Reached XP level 4. HP: 33/33 MP: 7/7
  1988 | D:3      | Learned a level 3 spell: Call Canine Familiar
  2010 | D:3      | Killed from afar by an orc priest

Action                   |  1- 3 |  4- 6 || total
-------------------------+-------+-------++-------
Melee: Dagger            |    20 |       ||    20
       Unarmed           |     8 |       ||     8
       Short sword       |    87 |    23 ||   110
 Cast: Summon Small Mamm |    15 |       ||    15
       Call Imp          |     8 |       ||     8
       Call Canine Famil |       |     1 ||     1
  Use: Potion            |     2 |     1 ||     3
 Stab: Sleeping          |     9 |       ||     9
       Distracted        |     1 |       ||     1
  Eat: Corpse            |    15 |     1 ||    16
